 Dungeon Crawl Stone Soup version 0.17-a0-725-gfa8c127 (console) character file.

17 Fusha the Magician (level 2, -4/17 HPs)
             Began as a Halfling Wanderer on Apr 20, 2015.
             Slain by a gnoll
             ... wielding a +0 halberd
              (9 damage)
             ... on level 1 of the Dungeon.
             The game lasted 00:08:11 (973 turns).

Fusha the Magician (Halfling Wanderer)               Turns: 973, Time: 00:08:11

Health: -4/17      AC:  2    Str: 12    XL:     2   Next: 80%
Magic:  6/6        EV:  8    Int: 13    God:
Gold:   67         SH:  0    Dex: 11    Spells: 1 memorised, 6 levels left

rFire  . . .     SeeInvis .     b - +0 hunting sling
rCold  . . .     Clarity  .     d - +0 robe
rNeg   . . .     SustAb   .     (shield restricted)
rPois  +         Gourm    .     (no helmet)
rElec  .         Spirit   .     (no cloak)
rCorr  .         Warding  .     (no gloves)
rMut   .         Stasis   .     (no boots)
MR     .....                    (no amulet)
Stlth  ++........               (no ring)
                                n - ring of poison resistance

@: not resistant to hostile enchantments, unstealthy
A: mutation resistance 1
a: no special abilities


You were on level 1 of the Dungeon.
You were not hungry.

You visited 1 branch of the dungeon, and saw 1 of its levels.

You collected 67 gold pieces.

Inventory:

Hand weapons
 a - a +5 whip
 b - a +0 hunting sling (weapon)
 e - a +0 club
 f - a +0 dagger
Missiles
 j - 34 stones (quivered)
Armour
 d - a +0 robe (worn)
Jewellery
 n - a ring of poison resistance (left hand)
Scrolls
 i - 2 scrolls of identify {unknown}
 m - a scroll of recharging {unknown}
 p - a scroll of noise {unknown}
Potions
 l - 2 potions of curing {unknown}
Books
 c - the Guide on Fire

   Spells                             Type                      Level
   a - Flame Tongue                   Conjuration/Fire             1
   b - Inner Flame                    Hexes/Fire                   3
 h - a book of Minor Magic

   Spells                             Type                      Level
   a - Magic Dart                     Conjuration                  1
   b - Blink                          Translocation                2
   c - Call Imp                       Summoning                    2
   d - Repel Missiles                 Charms/Air                   2
   e - Slow                           Hexes                        2
   f - Conjure Flame                  Conjuration/Fire             3
   g - Mephitic Cloud                 Conjuration/Poison/Air       3
 k - the Compendium of Darkness

   Spells                             Type                      Level
   a - Corpse Rot                     Necromancy                   2
   b - Sublimation of Blood           Necromancy                   2
Comestibles
 g - a bread ration
 o - 3 fruits


   Skills:
 * Level 1.7 Slings
 + Level 0.4 Dodging
 + Level 2.5 Stealth
 + Level 3.3 Spellcasting
 * Level 0.5 Conjurations
 - Level 3.0 Fire Magic
   Level 1.0 Poison Magic


You had 6 spell levels left.
You knew the following spells:

 Your Spells              Type           Power        Failure   Level  Hunger
a - Flame Tongue          Conj/Fire      #....        12%         1    #......


Dungeon Overview and Level Annotations

Branches:
Dungeon (1/15)

Altars:


Innate Abilities, Weirdness & Mutations

You are small and have problems with some larger weapons.
You are somewhat resistant to further mutation.


Message History

You see here a scroll labeled TENIFRAYME.
p - a scroll labeled TENIFRAYME The gnoll shouts!
b - a +0 hunting sling (weapon)
Casting: Flame Tongue
Confirm with . or Enter, or press ? or * to list all spells.
Aiming: Flame Tongue
Press: ? - help, Shift-Dir - straight line, f - gnoll
Aim: a gnoll, wielding a halberd The flame tongue hits the gnoll.
The gnoll is moderately wounded.
The gnoll hits you from afar with a halberd!
Ouch! That really hurt!
* * * LOW HITPOINT WARNING * * *
Found a scroll labeled HAMIUN FARROY.
The gnoll closely misses you.
There is a stone staircase leading down here.
The gnoll hits you from afar with a halberd!
Ouch! That really hurt!
You die...

#.#.###.## #.##.#.##
#.###.## #.# ### #>#
#.# ####.# #
##....############ #
#.....@.g........# #
.........##########.#
# ####......
#####.###### ##......
#.........# ###...##
#.###.###.# ##.## #.#
#.# #.# #.###.# #.#
#...#.# #+#
#.#####.#.##


You could see a gnoll.

Vanquished Creatures
  3 bats (D:1)
  A hobgoblin (D:1)
  3 jackals (D:1)
  5 kobolds (D:1)
  A giant newt (D:1)
  A rat (D:1)
14 creatures vanquished.

Notes
Turn   | Place    | Note
--------------------------------------------------------------
     0 | D:1      | Fusha, the Halfling Wanderer, began the quest for the Orb.
     0 | D:1      | Fusha set off with: a book of Minor Magic, the Compendium of Darkness, the Guide on Fire, a +0 robe, a +0 club, a +0 dagger, a bread ration
     0 | D:1      | Reached XP level 1. HP: 11/11 MP: 4/4
     1 | D:1      | Identified the Compendium of Darkness
     1 | D:1      | Identified the Guide on Fire
     3 | D:1      | Learned a level 1 spell: Flame Tongue
   447 | D:1      | Reached skill level 1 in Slings
   453 | D:1      | Reached XP level 2. HP: 13/17 MP: 4/6
   973 | D:1      | Slain by a gnoll

Action                   || total
-------------------------++-------
Melee: Whip              ||    17
 Fire: Hunting sling     ||    16
 Cast: Flame Tongue      ||    13
